Map: Cyber Forest LE

Players

Takker - Winner!

  • Race: Protoss Protoss
  • League: Silver
  • Spawn Location: 5:00

HereTheyCome

  • Race: Protoss Protoss
  • Spawn Location: 11:00

VOD

Have the link to the VOD?

Description

Time

  • Played on: May 26, 2019, 8:56 p.m.
  • Length: 23:46
Show
View Real Time Build Order
Export as new Build Order

Takker Protoss - Winner!

Build Orders:  

Get SALT Encoding   

  12  0:01  Probe  
  13  0:13  Probe  
  14  0:20  Pylon  
  14  0:22  Probe  
  15  0:32  Assimilator  
  15  0:35  Probe  
  16  0:48  Gateway  
  16  0:56  Probe  
  17  0:58  Pylon  
  17  1:17  Forge  
  17  1:19  Probe  
  18  1:28  Probe  
  18  1:32  Assimilator  
  19  1:36  Zealot  
  19  1:37  Probe  
  21  1:45  Probe  
  22  1:51  Cybernetics Core  
  23  1:58  Probe  
  24  2:04  Zealot  
  26  2:10  Probe  
  27  2:22  Probe  
  28  2:28  Warp Gate  
  28  2:31  Zealot  
  28  2:34  Probe  
  31  2:46  Protoss Ground Weapons Level 1  
  31  3:05  Pylon  
  31  3:08  Pylon  
  31  3:16  Pylon  
  31  3:23  Zealot  
  31  3:24  Nexus  
  33  3:27  Assimilator  
  33  3:32  Assimilator  
  33  3:45  Stalker  
  35  3:58  Photon Cannon  
  35  3:59  Probe  
  36  4:07  Probe  
  37  4:24  Stargate  
  37  4:26  Stargate  
  37  4:29  Pylon  
  37  4:30  Pylon  
  37  4:47  Gateway  
  37  4:50  Gateway  
  37  4:54  Probe x2  
  39  5:02  Probe  
  39  5:03  Probe  
  41  5:12  Probe x2, Void Ray  
  45  5:20  Void Ray  
  51  5:24  Probe  
  51  5:25  Probe  
  53  5:36  Probe  
  54  5:45  Pylon  
  54  5:49  Pylon  
  54  5:53  Probe, Pylon  
  54  5:56  Pylon  
  54  5:57  Void Ray  
  55  6:02  Pylon  
  59  6:11  Protoss Ground Armor Level 1  
  59  6:12  Probe, Protoss Air Weapons Level 1  
  59  6:15  Probe  
  61  6:20  Probe  
  61  6:23  Probe  
  64  6:28  Void Ray  
  64  6:29  Probe  
  68  6:40  Probe  
  68  6:41  Probe  
  70  6:52  Probe  
  70  6:53  Probe  
  72  7:03  Fleet Beacon  
  72  7:05  Probe  
  73  7:36  Pylon  
  73  7:40  Pylon  
  73  7:45  Void Ray  
  73  7:46  Void Ray  
  73  7:47  Pylon  
  73  7:48  Nexus  
  81  7:51  Assimilator  
  81  7:56  Assimilator  
  81  8:20  Protoss Shields Level 1  
  81  8:21  Protoss Air Armor Level 1  
  81  8:27  Pylon  
  81  8:28  Tempest  
  81  8:31  Pylon  
  86  8:36  Pylon  
  86  8:41  Sentry x3  
  92  9:10  Gateway  
  92  9:12  Gateway  
  92  9:14  Gateway  
  92  9:17  Pylon  
  92  9:18  Twilight Council  
  92  9:20  Pylon  
  92  9:22  Pylon  
  92  9:31  Tempest x2  
  102  9:47  Nexus  
  102  9:49  Assimilator  
  102  9:54  Assimilator  
  102  10:04  Carrier  
  102  10:05  Stalker x3  
  102  10:06  Stalker  
  110  10:16  Probe  
  117  10:24  Probe  
  117  10:26  Probe  
  117  10:27  Mothership  
  127  10:32  Protoss Air Weapons Level 2  
  127  10:33  Probe  
  128  10:46  Probe  
  129  10:58  Probe  
  129  11:01  Probe  
  131  11:08  Pylon  
  131  11:12  Pylon  
  131  11:13  Probe  
  131  11:16  Pylon  
  131  11:18  Nexus  
  132  11:26  Probe  
  132  11:32  Charge  
  133  11:38  Probe  
  134  11:46  Protoss Ground Weapons Level 2  
  134  11:49  Tempest  
  139  12:03  Probe  
  140  12:10  Probe x2  
  140  12:15  Probe  
  143  12:21  Probe  
  143  12:22  Probe x2  
  146  12:27  Probe  
  147  12:32  Probe  
  148  12:39  Probe  
  148  12:41  Probe  
  148  12:42  Tempest  
  148  12:43  Tempest  
  159  12:48  Stalker x5  
  159  12:49  Stalker  
  159  12:50  Probe  
  172  12:51  Probe  
  174  13:02  Probe  
  175  13:11  Assimilator  
  175  13:13  Assimilator  
  175  13:14  Probe  
  175  13:16  Probe  
  175  13:17  Probe x3  
  180  13:25  Tempest  
  180  13:26  Probe  
  186  13:28  Probe  
  186  13:29  Probe x2  
  189  13:38  Probe  
  189  13:40  Probe  
  191  13:44  Stalker x4  
  199  13:50  Probe  
  200  13:58  Resonating Glaives  
  200  14:18  Protoss Air Armor Level 2  
  200  14:20  Protoss Ground Armor Level 2  
  130  14:54  Tempest  
  130  14:55  Tempest  
  140  15:05  Stalker  
  140  15:06  Stalker x5  
  148  15:38  Carrier x2  
  141  16:05  Mothership  
  149  16:21  Nexus  
  149  16:28  Sentry x2  
  149  16:29  Sentry x2  
  157  16:42  Void Ray x2  
  165  16:53  Stargate, Protoss Shields Level 2  
  165  16:55  Protoss Air Weapons Level 3  
  165  16:56  Stargate  
  165  16:58  Stargate  
  165  17:08  Pylon  
  165  17:11  Pylon  
  165  17:15  Pylon  
  165  17:20  Pylon  
  165  17:21  Sentry x5  
  175  17:23  Assimilator  
  175  17:24  Tempest x2  
  175  17:27  Assimilator  
  185  17:40  Probe  
  185  17:43  Probe  
  187  17:52  Probe x2  
  187  17:55  Probe  
  190  18:03  Probe  
  190  18:04  Probe  
  191  18:07  Tempest  
  191  18:11  Probe  
  197  18:16  Probe  
  199  18:21  Probe  
  200  19:03  Nexus  
  200  19:07  Pylon  
  200  19:10  Pylon  
  200  19:15  Pylon  
  200  19:19  Pylon  
  200  19:28  Pylon  
  105  20:15  Tempest x5  
  105  20:19  Stalker x2  
  105  20:20  Stalker x3  
  129  20:46  Zealot x5  
  129  20:47  Zealot  
  138  20:57  Tempest  
  138  20:58  Tempest x3  
  138  21:00  Protoss Ground Weapons Level 3  
  138  21:04  Mothership  
  166  21:12  Tempest  
  171  21:19  Zealot  
  171  21:20  Zealot x2  
  171  21:22  Stalker x3  
  176  21:40  Void Ray x2, Tempest  
  176  21:41  Carrier  
  195  22:02  Probe  
  196  22:14  Probe  
  196  22:26  Probe  
  197  22:42  Pylon  
  190  22:54  Pylon  
  190  22:58  Pylon  
  178  23:14  Photon Cannon  
  178  23:16  Photon Cannon  
  178  23:19  Photon Cannon  
  161  23:31  Photon Cannon  
  152  23:35  Photon Cannon  
Show
View Real Time Build Order
Export as new Build Order

HereTheyCome Protoss 

Build Orders:  

Get SALT Encoding   

  1  0:00  Probe  
  12  0:06  Probe  
  14  0:16  Probe  
  15  0:24  Pylon  
  15  0:44  Gateway  
  15  0:50  Pylon  
  15  0:53  Pylon  
  15  0:58  Probe  
  16  1:06  Assimilator  
  16  1:17  Probe  
  16  1:25  Probe  
  18  1:35  Probe  
  18  1:36  Cybernetics Core  
  18  1:39  Gateway  
  19  1:42  Gateway  
  19  1:50  Probe  
  20  1:56  Zealot  
  22  2:02  Probe  
  23  2:14  Assimilator  
  23  2:15  Probe  
  24  2:27  Forge  
  24  2:38  Probe  
  25  2:50  Stalker x3, Probe  
  32  3:03  Probe  
  33  3:16  Nexus  
  33  3:25  Pylon  
  33  3:27  Pylon  
  33  3:33  Pylon  
  33  3:34  Probe  
  34  3:42  Probe  
  34  3:46  Warp Gate  
  35  3:51  Probe  
  36  4:02  Stalker  
  38  4:04  Protoss Ground Weapons Level 1  
  38  4:07  Stalker  
  40  4:13  Stalker  
  42  4:46  Twilight Council  
  42  4:52  Probe  
  43  5:00  Probe  
  44  5:09  Probe  
  44  5:10  Stalker x2  
  44  5:11  Stalker  
  51  5:17  Probe  
  51  5:25  Probe  
  52  5:31  Photon Cannon  
  53  5:36  Probe  
  53  5:37  Robotics Facility  
  53  5:38  Robotics Facility  
  53  5:40  Robotics Facility  
  54  5:44  Assimilator  
  54  5:45  Assimilator, Probe  
  55  5:51  Probe  
  55  5:53  Probe  
  56  5:59  Probe  
  56  6:03  Probe  
  58  6:09  Probe  
  59  6:12  Protoss Ground Armor Level 1  
  59  6:15  Probe  
  61  6:21  Probe  
  62  6:27  Probe  
  62  6:29  Immortal x2  
  62  6:32  Immortal  
  75  6:33  Probe  
  76  6:44  Pylon x2  
  76  6:46  Pylon  
  76  7:01  Observer, Immortal  
  77  7:12  Immortal  
  85  7:30  Robotics Bay  
  85  7:38  Templar Archives  
  85  8:16  Nexus  
  85  8:18  Pylon  
  85  8:19  Pylon  
  85  8:21  Pylon  
  85  8:26  Observer x3  
  88  8:49  Stalker  
  88  8:50  Stalker x2  
  94  9:27  Probe  
  95  9:35  Probe  
  95  9:39  Photon Cannon x2  
  95  9:43  Photon Cannon  
  95  9:45  Probe  
  96  9:50  Colossus x2  
  96  9:51  Colossus  
  115  9:57  Probe  
  115  9:59  Extended Thermal Lance  
  116  10:09  Stargate x2, Probe  
  116  10:11  Stargate  
  117  10:16  Gateway  
  117  10:19  Gateway  
  117  10:21  Probe  
  117  10:26  Stalker x3  
  124  10:34  Probe  
  124  10:42  Probe  
  125  10:43  Assimilator  
  125  10:47  Assimilator  
  126  11:04  Protoss Ground Weapons Level 2  
  126  11:09  Protoss Air Weapons Level 1  
  126  11:17  Fleet Beacon  
  126  11:19  Probe  
  127  11:31  Probe  
  127  11:32  Void Ray x2  
  128  11:39  Gravitic Boosters  
  128  11:42  Void Ray  
  128  11:44  Probe  
  141  13:03  Pylon  
  141  13:05  Pylon  
  141  13:06  Pylon x2  
  141  13:08  Pylon  
  141  13:10  Pylon x2  
  141  13:12  Pylon, Mothership  
  141  13:23  Probe  
  150  13:29  Void Ray  
  150  13:30  Void Ray x2  
  150  13:35  Probe  
  150  13:38  Protoss Ground Armor Level 2  
  163  13:47  Probe  
  164  14:16  Stalker x4  
  164  14:17  Stalker  
  132  14:41  Stalker x3  
  132  14:42  Stalker x2  
  108  15:00  Phoenix x2  
  108  15:01  Phoenix  
  88  15:07  Stalker x5  
  86  15:21  Phoenix  
  86  15:22  Phoenix x2  
  84  15:38  Stalker x4  
  88  15:46  Phoenix x3  
  92  16:37  Nexus  
  92  16:44  Pylon  
  92  16:46  Pylon  
  92  16:47  Pylon  
  92  16:49  Pylon  
  92  16:53  Immortal x3  
  104  17:22  Tempest  
  104  17:23  Tempest x2  
  104  17:29  Stalker x3  
  125  17:30  Stalker  
  125  17:36  Stalker  
  129  17:37  Protoss Ground Weapons Level 3  
  129  17:55  Assimilator  
  129  17:57  Assimilator  
  129  18:08  Stalker x2  
  129  18:09  Stalker x2  
  129  18:11  Stalker  
  139  18:20  Tempest  
  144  18:28  Tempest  
  149  19:04  Stalker x5  
  149  19:05  Mothership  
  111  20:35  Protoss Ground Armor Level 3  
  111  20:52  Immortal x3  
  123  21:00  Tempest x3  
  123  21:07  Assimilator  
  123  21:08  Nexus  
  138  21:36  Stalker x5  
  148  22:02  Stalker x3  
  148  22:07  Stalker x2  
  106  23:09  Stalker x4  
  106  23:10  Stalker  
Tags
 
League
Silver
Matchup
PvP
Replay Pack
Up to May 28th
Spawn Locations
Cross Positions
Add a new tag
Caveats
  • Supply blocks, unpowered buildings, or Contaminate may cause inaccurate times.
  • Supply counts are checked every 10 seconds.